[Event "SixDays Budapest GM-B May 2024"]
[Site "Budapest"]
[Date "2024.05.17"]
[Round "3.1"]
[White "Borgaonkar Akshay"]
[Black "Jinan Jomon"]
[Result "0-1"]
[ECO "B90"]
[WhiteElo "2374"]
[BlackElo "2380"]
[Annotator "TA"]
[PlyCount "66"]
[EventDate "2024.05.15"]
[EventType "tourn"]
[EventCountry "HUN"]
[SourceTitle "playchess.com"]
[Source "ChessBase"]
[SourceQuality "1"]
[TimeControl "40/5400+30:1800+30"]

1. e4 c5 2. Nf3 d6 3. d4 cxd4 4. Nxd4 Nf6 5. Nc3 a6 6. Qd3 e6 7. g4 Nxg4 8. Rg1 {[%emt 0:00:35] Black is slightly better.} Ne5 (8... Nxh2 $2 {loses.} 9. Be2 $18) 9. Qg3 b5 10. Bg5 Qc7 11. O-O-O b4 12. f4 $2 {[%emt 0:15:36] [#] White does not recover from this.} (12. Nce2 $15) 12... h6 $1 $19 13. fxe5 hxg5 14. Nb1 dxe5 15. Nd2 Bc5 16. N2b3 (16. Nc4 {was worth a try.}) 16... Bb6 ({Weaker is} 16... Bxd4 17. Rxd4 Nc6 18. Rc4 $19) 17. Bb5+ Bd7 {[%emt 0:06:41] Black is clearly winning.} (17... axb5 18. Nxb5 Qc6 19. Nd6+ Kf8 20. Qxg5 $15) 18. Bxd7+ Nxd7 19. Nf3 Bxg1 20. Qxg1 a5 {[%emt 0:07:59] [#] Strongly threatening ...a4.} 21. Nxg5 Nf6 22. Rd2 Rh5 23. Nf3 Kf8 24. Nc5 Rc8 25. Nd3 Nxe4 26. Rg2 f6 27. Re2 Nc5 28. Nde1 e4 29. Nd4 Qf4+ 30. Kb1 Rg5 31. Ng2 e5 32. Qd1 Qg4 33. Ne3 Qd7 {[%emt 0:00:10] Weighted Error Value: White=0.59/Black=0.18 (very precise) .  Loses game:     	White=1     	---        Mistake:       	White=1     	---        Inaccurate:     	White=3     	---        OK:         	White=5     	Black=10     Best:        	---       	Black=1      Strong:       	---       	Black=1} 0-1

[Event "SixDays Budapest GM-B May 2024"]
[Site "Budapest"]
[Date "2024.05.17"]
[Round "3.2"]
[White "Horvath, Adam"]
[Black "Lamard, Guillaume"]
[Result "0-1"]
[ECO "B50"]
[WhiteElo "2448"]
[BlackElo "2504"]
[Annotator "TA"]
[PlyCount "154"]
[EventDate "2024.05.15"]
[EventType "tourn"]
[EventCountry "HUN"]
[SourceTitle "playchess.com"]
[Source "ChessBase"]
[SourceQuality "1"]
[TimeControl "40/5400+30:1800+30"]

1. e4 c5 2. Nf3 d6 3. Nc3 Nf6 4. d4 cxd4 5. Qxd4 Nc6 6. Qe3 g6 7. h3 Bg7 8. Bc4 O-O 9. O-O b6 10. Rd1 Nd7 11. Qf4 Bb7 12. Qh4 Nce5 13. Nxe5 Nxe5 14. Bb3 Bf6 15. Bg5 Bxg5 16. Qxg5 Rc8 17. Rd4 Kg7 18. Rad1 Rc5 19. Qg3 Qc8 20. Nd5 Re8 21. Ne3 b5 22. Bd5 f6 23. h4 Bxd5 24. exd5 Nc4 25. h5 Nxe3 26. Qxe3 Qf5 ({But not} 26... gxh5 27. Re4 Rxc2 28. Rxe7+ Rxe7 29. Qxe7+ Kg6 30. Rd3 (30. Qxd6 Qg4 $14) (30. Qxa7 Rxb2 31. Qa3 Qc2 $11) 30... Rc1+ 31. Kh2 $14) 27. h6+ Kf8 28. c3 Qh5 29. R1d3 a5 30. g4 Qh4 $1 31. Kg2 g5 32. Qe4 Qxh6 33. Rh3 Qg6 34. Rxh7 Qxe4+ 35. Rxe4 Rxd5 36. Rh8+ Kf7 37. Rh7+ Kg6 38. Rhxe7 Rxe7 39. Rxe7 Rd2 40. b3 Rxa2 41. Rb7 $1 Rc2 42. Rxb5 Rxc3 43. Rxa5 Rxb3 44. Rd5 Rb6 45. Kf3 Kf7 46. Rd1 Rb3+ 47. Kg2 Ke6 48. Re1+ Kd7 49. Rd1 Rb5 50. Ra1 Ke6 51. Ra8 d5 52. Re8+ Kd7 53. Ra8 Rb4 54. f3 $2 (54. Kf3 $17 {was necessary.}) 54... Rb2+ 55. Kg3 Rc2 $1 56. Ra7+ Kd6 57. Rf7 Ke6 $1 58. Rf8 Rc6 59. Re8+ (59. Ra8 {is the only way for White.} d4 60. Ra5) 59... Kd7 60. Ra8 Kd6 61. Rf8 $2 (61. Ra5 {keeps fighting.} Rc5 62. Ra8) 61... Ke5 $1 $19 62. Re8+ Kd4 63. Re1 Rd6 64. Kf2 Kc3 65. Re3+ Kc4 66. Ra3 {[%emt 0:01:00] [#]} Re6 $1 (66... d4 67. Ke2 $17) 67. Ra4+ Kc3 68. Ra3+ {[%emt 0:00:34] [#]} Kb4 $1 69. Ra8 d4 70. Rd8 Kc3 71. f4 Re4 72. fxg5 fxg5 ({Not} 72... Rxg4 73. gxf6 Rf4+ 74. Ke2 $11) 73. Rc8+ Kd2 74. Kf3 Rf4+ 75. Kg3 Ke3 76. Rg8 d3 77. Rxg5 d2 0-1

[Event "SixDays Budapest GM-B May 2024"]
[Site "Budapest"]
[Date "2024.05.17"]
[Round "3.3"]
[White "Lu, Maximillian"]
[Black "Krishnan, Ritvik"]
[Result "1-0"]
[ECO "A30"]
[WhiteElo "2373"]
[BlackElo "2298"]
[Annotator "RC"]
[PlyCount "75"]
[EventDate "2024.05.15"]
[EventType "tourn"]
[EventCountry "HUN"]
[SourceTitle "playchess.com"]
[Source "ChessBase"]
[SourceQuality "1"]
[TimeControl "40/5400+30:1800+30"]

1. c4 c5 2. Nf3 Nc6 3. Nc3 g6 4. e3 Nf6 5. d4 cxd4 6. exd4 d5 7. cxd5 Nxd5 8. Qb3 Nxc3 9. Bc4 Nd5 10. Bxd5 e6 11. Bxc6+ bxc6 12. O-O Qd5 13. Qc2 f6 14. Re1 Kf7 15. Bd2 Be7 16. b4 g5 17. Bc3 Bb7 18. Re3 Rae8 19. Qe2 h5 20. Rd1 h4 21. h3 Reg8 22. a4 g4 23. hxg4 h3 24. gxh3 Qh5 25. Nh2 Bd6 26. Qf3 Bxh2+ 27. Kxh2 Qxg4 28. d5 cxd5 29. Qxf6+ Ke8 30. Qxe6+ Qxe6 31. Rxe6+ Kd7 32. Re3 Rh4 33. Rd4 Rh7 34. Rf4 Kc8 35. Bd4 a6 36. b5 axb5 37. axb5 Rh6 38. h4 1-0

[Event "SixDays Budapest GM-B May 2024"]
[Site "Budapest"]
[Date "2024.05.17"]
[Round "3.4"]
[White "Fodor, Tamas Jr."]
[Black "Palczert, Matyas"]
[Result "1-0"]
[ECO "D85"]
[WhiteElo "2486"]
[BlackElo "2333"]
[Annotator "TA"]
[PlyCount "79"]
[EventDate "2024.05.15"]
[EventType "tourn"]
[EventCountry "HUN"]
[SourceTitle "playchess.com"]
[Source "ChessBase"]
[SourceQuality "1"]
[TimeControl "40/5400+30:1800+30"]

1. d4 Nf6 2. c4 g6 3. Nc3 d5 4. cxd5 Nxd5 5. e4 Nxc3 6. bxc3 Bg7 7. Bb5+ c6 8. Ba4 O-O 9. Ne2 b5 10. Bb3 Bb7 11. O-O Nd7 12. Be3 e6 13. Rb1 a5 14. Qc1 (14. Bc2 $14) 14... Ba6 15. Rd1 Nb6 16. Bh6 Qe7 17. Ng3 (17. Rd3 $14) 17... a4 {[%emt 0:04:31][%cal Og7h6] White must now prevent ...Bxh6!} 18. Bc2 e5 19. Bxg7 Kxg7 20. f4 exd4 (20... exf4 {keeps more tension.} 21. Qxf4 Bc8 22. Bd3 Be6) 21. cxd4 Nc4 (21... c5 $11 {keeps the balance.}) 22. Bd3 $16 {[%emt 0:01:35] Black is now going downhill.} Qa3 23. Bxc4 Qxc1 24. Rdxc1 (24. Rbxc1 bxc4 25. Ne2 Rfb8 $11) 24... bxc4 25. Kf2 $36 {[%emt 0:01:32][%mdl 2048] White has strong initiative.} Rad8 ({Black should play} 25... f5) 26. Rb6 Bb5 {[%emt 0:01:13] [#]} 27. d5 {[%emt 0:00:06][%cal Bd4d5,Bd5d6][%mdl 544] White is more active.} Rb8 28. Rxb8 Rxb8 $18 {[%emt 0:00:10][%mdl 4096] Endgame. [#] KRB-KRN} 29. d6 f6 30. Ke3 {[%emt 0:07:57] e5 is the strong threat.} Kf7 31. Kd4 {[%emt 0:03:22] And now e5 would win.} Ke6 32. Kc5 Kd7 {[%emt 0:04:56] [#]} (32... c3 {keeps fighting.} 33. e5 (33. Rxc3 Ba6 $18) 33... f5) 33. Ne2 $1 {[%emt 0:02:58] Threatens to win with Nd4.} Re8 34. Nc3 g5 35. g3 gxf4 $2 (35... Re6 36. Rd1 h6) 36. gxf4 Rg8 {[%emt 0:00:21] Inhibits Rg1.} 37. Re1 Rg6 38. Re3 Rg4 39. Rh3 (39. e5 fxe5 40. fxe5 Rg5) 39... Rxf4 40. Rxh7+ {[%emt 0:00:16] Weighted Error Value: White=0.10 (very precise) /Black=0.59.  Mistake:       	White=2     	Black=4      Inaccurate:     	---       	Black=4      OK:         	White=11    	Black=6      Best:        	---       	Black=3      Strong:       	White=1     	---} 1-0

[Event "SixDays Budapest GM-B May 2024"]
[Site "Budapest"]
[Date "2024.05.17"]
[Round "3.5"]
[White "Kuru, Atilla"]
[Black "Stefansson, Vignir Vatnar"]
[Result "0-1"]
[ECO "C03"]
[WhiteElo "2313"]
[BlackElo "2463"]
[Annotator "TA"]
[PlyCount "112"]
[EventDate "2024.05.15"]
[EventType "tourn"]
[EventCountry "HUN"]
[SourceTitle "playchess.com"]
[Source "ChessBase"]
[SourceQuality "1"]
[TimeControl "40/5400+30:1800+30"]

1. e4 e6 2. d4 d5 3. Nd2 Be7 4. Bd3 c5 5. dxc5 Nf6 6. exd5 exd5 7. Ngf3 O-O 8. O-O Bxc5 9. h3 $1 Nc6 10. Nb3 Bb6 11. Bf4 {[%emt 0:00:18] Against Qc7. The position is equal.} Ne4 12. Bxe4 (12. c4 {is more complex.} Be6 13. c5 Bxc5 14. Bxe4 dxe4 15. Nxc5 Qxd1 16. Rfxd1 exf3 17. gxf3 Bxh3 18. Nxb7 f6 19. Kh2) 12... dxe4 13. Qxd8 Rxd8 ({Of course not} 13... Bxd8 14. Nfd4 $11) 14. Nfd2 Be6 15. Nxe4 Nd4 {[%emt 0:05:31] Strongly threatening ...Ne2+.} 16. Kh2 Nxc2 17. Rad1 Bd5 18. Nc3 (18. Nd6 $1 $11 Nb4 19. Kg1) 18... Bc4 $36 {[%emt 0:02:29][%mdl 2048] Black is in control. A strong pair of Bishops.} 19. Rxd8+ Rxd8 20. Rc1 ({Better is} 20. Rd1) 20... Nb4 21. Be3 Bxe3 22. fxe3 {[%emt 0:00:02] [#]} Nxa2 $1 {[%emt 0:02:06][%mdl 512] Black is more active.} 23. Nxa2 Bxb3 {[%emt 0:00:07][%mdl 4096] Endgame. KRB-KRN} 24. Nb4 h5 25. Rc3 Be6 26. Nd3 {[%emt 0:00:56] [#]} Bf5 $1 27. Nf4 g6 28. Rc4 Rd2 29. b4 (29. Rb4 $17) 29... Rb2 30. Kg3 (30. Rd4 $17 {was worth a try.}) 30... Bd7 $19 31. e4 Bc6 32. Rd4 Kg7 33. e5 (33. Nd5 $142) 33... Kf8 34. Kh4 Bxg2 35. e6 Bc6 36. Kg5 {[%emt 0:00:36] Intending Kf6 and mate.} Ke7 (36... Kg7 $19 {...f6+ would now be deadly.} 37. exf7 Kxf7) 37. exf7 (37. Kh6 $17) 37... Kxf7 38. Rd6 $2 (38. Kh6 {keeps fighting.}) 38... Rxb4 39. Rf6+ Ke8 40. Rxg6 a5 41. Nxh5 Rb5+ 42. Kh6 a4 {[%emt 0:00:23] Hoping for ...a3.} 43. Nf4 Ra5 {[%emt 0:00:57] Threatens to win with ...a3.} 44. Kg7 a3 45. Rg1 a2 46. Ra1 b5 {[%emt 0:00:35] And now ...b4 would win.} 47. Nd3 Be4 48. Nc1 (48. Nb4 Bb1 49. Nd5) 48... Bd5 49. h4 b4 {[%emt 0:00:10] White must now prevent ...b3.} 50. Nxa2 Rxa2 {[%emt 0:01:03] KRB-KR. Black mates.} 51. Re1+ Kd7 52. h5 Rg2+ 53. Kf6 Rh2 54. Rd1 Rxh5 55. Kg6 Re5 56. Kf6 Kd6 {[%emt 0:00:13] Weighted Error Value: White=0.51/Black=0.17 (very precise) .  Mistake:       	White=8     	Black=1      Inaccurate:     	White=1     	Black=4      OK:         	White=12    	Black=19     Best:        	---       	Black=5      Brilliant:      	---       	Black=1} 0-1